Map: Hecate LE

Players

Dark

  • Race: Zerg Zerg
  • Spawn Location: 1:00

MaxPax - Winner!

  • Race: Protoss Protoss
  • League: Master
  • Spawn Location: 7:00

VOD

Have the link to the VOD?

Description

Time

  • Played on: Nov. 28, 2023, 6:45 a.m.
  • Length: 22:58
Show
View Real Time Build Order
Export as new Build Order

Dark Zerg 

Build Orders: Hatch First, Lurkers 

Get SALT Encoding   

  12  0:00  Drone  
  13  0:13  Overlord  
  13  0:17  Drone  
  14  0:31  Drone x2  
  16  0:48  Hatchery  
  15  0:52  Drone  
  15  0:56  Drone  
  17  1:01  Drone  
  17  1:03  Extractor  
  17  1:16  Spawning Pool  
  17  1:18  Drone  
  17  1:21  Drone  
  18  1:30  Drone  
  19  1:41  Drone  
  20  1:51  Drone  
  21  2:03  Queen x2  
  21  2:05  Zergling x4  
  21  2:07  Metabolic Boost  
  27  2:14  Overlord  
  27  2:19  Drone  
  28  2:32  Drone x2  
  30  2:40  Hatchery  
  30  2:42  Zergling x2  
  30  2:44  Zergling x2  
  30  2:46  Zergling x2  
  30  2:49  Zergling x2  
  33  2:57  Spore Crawler, Overlord  
  32  3:04  Overlord  
  33  3:05  Queen  
  33  3:08  Drone  
  36  3:16  Drone x3  
  36  3:18  Drone  
  38  3:22  Drone  
  38  3:23  Drone  
  38  3:25  Drone  
  41  3:28  Drone x2  
  42  3:36  Queen  
  42  3:41  Spore Crawler  
  43  3:44  Zergling x4  
  45  3:50  Spore Crawler  
  44  3:56  Drone x3  
  45  4:04  Drone x4  
  45  4:08  Drone x2  
  51  4:15  Queen  
  51  4:17  Drone  
  51  4:18  Drone x3  
  55  4:24  Queen  
  57  4:32  Overlord  
  57  4:36  Overlord  
  57  4:39  Overlord  
  57  4:42  Overlord  
  57  4:43  Drone  
  58  4:47  Overlord  
  59  4:52  Drone  
  59  4:53  Drone x7  
  59  4:59  Zergling x2  
  67  5:09  Drone x6, Lair  
  73  5:16  Roach Warren  
  73  5:20  Extractor x2  
  70  5:21  Zergling x6  
  70  5:26  Drone x3  
  74  5:29  Drone  
  74  5:32  Zergling x2  
  74  5:33  Zergling x8  
  74  5:35  Drone x2  
  80  5:37  Drone  
  75  5:45  Drone x3  
  75  5:48  Spore Crawler  
  75  5:51  Drone  
  75  5:55  Drone x2  
  78  6:02  Zergling x2, Roach x3  
  78  6:03  Zergling x10  
  90  6:09  Drone x2  
  92  6:11  Drone  
  92  6:12  Infestation Pit  
  92  6:17  Hatchery  
  92  6:18  Evolution Chamber  
  90  6:19  Drone x2  
  90  6:22  Drone  
  93  6:28  Drone x3  
  93  6:29  Drone, Extractor  
  93  6:30  Drone x2  
  93  6:31  Overlord x2  
  98  6:33  Overlord, Extractor  
  98  6:38  Overlord  
  97  6:40  Ravager  
  97  6:41  Overlord  
  98  6:47  Zerg Missile Weapons Level 1  
  98  6:49  Overlord  
  98  6:50  Ravager x2  
  100  6:56  Drone x6  
  100  6:58  Extractor  
  100  7:00  Zergling x14  
  112  7:05  Infestor  
  112  7:06  Zergling x2  
  115  7:14  Hydralisk Den  
  115  7:15  Zergling x6  
  117  7:23  Infestor  
  117  7:24  Zergling x10  
  117  7:27  Overlord x2  
  117  7:29  Zergling x8  
  128  7:32  Zergling x6  
  126  7:40  Zergling x2  
  126  7:41  Zergling x2  
  126  7:43  Zergling x4  
  128  7:46  Grooved Spines  
  128  7:57  Hatchery  
  125  7:58  Zergling x20  
  125  7:59  Zergling x4  
  136  8:07  Hydralisk x4  
  141  8:14  Hydralisk x4  
  139  8:22  Hydralisk x3  
  139  8:23  Hydralisk  
  146  8:27  Drone x5  
  146  8:31  Overlord  
  151  8:36  Muscular Augments  
  151  8:40  Overlord  
  145  8:49  Hydralisk x8  
  145  8:52  Hydralisk  
  154  8:58  Hydralisk x3  
  154  9:02  Hive  
  159  9:07  Zerg Missile Weapons Level 2  
  159  9:09  Drone x3  
  162  9:16  Glial Reconstitution  
  161  9:21  Roach  
  161  9:22  Roach x4  
  171  9:24  Roach  
  171  9:26  Overlord  
  169  9:38  Roach x4  
  174  9:45  Roach  
  175  9:46  Roach x3  
  175  9:49  Roach x4  
  175  9:51  Roach  
  175  9:52  Overlord x2  
  182  9:54  Spore Crawler, Extractor  
  169  10:02  Hydralisk x3  
  169  10:03  Hydralisk  
  173  10:07  Roach x2  
  173  10:08  Roach x2  
  179  10:22  Hydralisk x6, Extractor  
  179  10:24  Zergling x14  
  179  10:25  Overlord  
  194  10:38  Zergling x2  
  194  10:39  Zergling x6  
  198  10:43  Lurker Den  
  198  10:48  Hydralisk x7  
  197  10:51  Zergling x10  
  198  10:59  Hydralisk  
  200  11:05  Hydralisk  
  199  11:16  Hydralisk x5  
  199  11:22  Hydralisk  
  199  11:24  Hydralisk  
  199  11:33  Zerg Missile Weapons Level 3  
  199  11:43  Seismic Spines  
  179  12:09  Zergling x2  
  179  12:10  Zergling x42  
  179  12:14  Lurker x2  
  199  12:26  Spore Crawler  
  199  12:27  Spore Crawler  
  197  12:30  Hydralisk  
  197  12:32  Hatchery  
  197  12:35  Hydralisk  
  200  12:40  Adaptive Talons  
  198  12:44  Hydralisk  
  198  12:47  Lurker x2  
  182  13:02  Hydralisk x18  
  182  13:04  Zergling x2  
  182  13:05  Zergling x2  
  198  13:10  Lurker x4  
  193  13:16  Hydralisk x2  
  152  13:34  Lurker x4  
  152  13:37  Drone x11  
  167  13:46  Lurker  
  167  13:47  Lurker  
  161  13:56  Hydralisk x2  
  161  13:59  Zergling x6  
  161  14:00  Zergling x8  
  161  14:01  Hydralisk  
  158  14:10  Lurker, Zerg Ground Armor Level 1  
  158  14:11  Hydralisk x2  
  158  14:12  Lurker  
  158  14:13  Lurker x2  
  167  14:17  Drone x2  
  167  14:18  Spore Crawler, Lurker, Extractor  
  167  14:20  Zergling x6, Extractor  
  167  14:22  Drone x2  
  171  14:28  Spine Crawler  
  171  14:29  Spine Crawler  
  169  14:35  Hydralisk x4  
  175  14:39  Lurker  
  175  14:40  Lurker  
  175  14:44  Spine Crawler  
  176  14:46  Spine Crawler, Lurker  
  176  14:47  Lurker  
  176  14:53  Zergling x20  
  181  15:01  Hydralisk x3  
  187  15:16  Lurker x4  
  187  15:17  Lurker x2  
  187  15:20  Hydralisk x3  
  199  15:24  Hydralisk x4  
  199  15:25  Hydralisk x5  
  194  15:33  Hydralisk x2  
  194  15:35  Zergling x2  
  184  15:43  Hydralisk x4  
  184  15:46  Hydralisk  
  184  15:48  Zergling x2  
  184  15:49  Zergling x2  
  181  15:51  Zergling x2  
  167  15:57  Hydralisk x3  
  165  16:10  Lurker x8  
  169  16:14  Lurker  
  169  16:15  Drone  
  169  16:16  Drone x3  
  174  16:23  Lurker  
  174  16:25  Zerg Ground Armor Level 2  
  175  16:35  Zergling x6  
  175  16:39  Hydralisk x3  
  176  16:44  Hydralisk x2  
  185  16:47  Lurker x3  
  187  16:54  Hydralisk x2  
  187  16:59  Hydralisk x3  
  197  17:06  Overseer  
  193  17:25  Spire  
  193  17:26  Spire  
  190  17:32  Pneumatized Carapace  
  189  17:43  Spore Crawler  
  188  17:51  Drone x4  
  192  17:53  Spore Crawler x2  
  192  17:55  Spore Crawler  
  187  18:12  Viper x3  
  185  18:38  Zerg Flyer Weapons Level 1, Spore Crawler  
  185  18:40  Zerg Flyer Armor Level 1  
  184  18:41  Spore Crawler  
  184  18:42  Spore Crawler  
  184  18:45  Spore Crawler  
  181  18:50  Hatchery  
  173  19:02  Corruptor  
  173  19:03  Corruptor x12  
  173  19:07  Zerg Ground Armor Level 3  
  190  19:38  Overlord x2  
  189  19:41  Overlord  
  189  19:43  Overlord  
  189  19:56  Overseer  
  189  19:57  Overseer  
  189  20:02  Lurker x4  
  193  20:14  Corruptor x3  
  193  20:19  Hatchery  
  193  20:20  Overseer  
  198  20:32  Overseer  
  198  20:33  Overseer x4  
  195  20:52  Zergling x16  
  195  20:58  Corruptor x3  
  199  21:11  Spore Crawler x2  
  197  21:12  Spore Crawler x3  
  194  21:32  Corruptor x3  
  185  22:08  Corruptor x7  
Show
View Real Time Build Order
Export as new Build Order

MaxPax Protoss - Winner!

Build Orders: 1 Gate Expand, Oracle Opening, Carriers 

Get SALT Encoding   

  12  0:00  Probe  
  13  0:12  Probe  
  14  0:18  Pylon  
  14  0:24  Probe (Chrono Boost)  
  15  0:37  Probe (Chrono Boost)  
  15  0:40  Gateway  
  16  0:45  Probe (Chrono Boost)  
  16  0:49  Assimilator  
  17  0:52  Probe  
  18  1:04  Probe  
  19  1:16  Probe  
  20  1:27  Nexus  
  20  1:37  Cybernetics Core  
  21  1:40  Probe  
  21  1:46  Assimilator  
  21  1:52  Probe  
  22  1:56  Pylon  
  22  2:04  Probe  
  23  2:11  Adept (Chrono Boost)  
  25  2:16  Probe  
  25  2:19  Stargate  
  26  2:28  Probe (Chrono Boost)  
  26  2:29  Warp Gate  
  27  2:31  Adept (Chrono Boost)  
  29  2:39  Probe (Chrono Boost)  
  31  2:46  Probe (Chrono Boost)  
  31  2:49  Probe (Chrono Boost)  
  32  2:53  Probe (Chrono Boost)  
  32  2:54  Probe (Chrono Boost)  
  32  2:57  Adept  
  36  3:04  Oracle (Chrono Boost), Probe  
  40  3:06  Probe  
  41  3:16  Probe  
  42  3:24  Pylon  
  42  3:26  Gateway  
  41  3:28  Probe  
  41  3:29  Pylon  
  41  3:31  Probe  
  43  3:38  Oracle (Chrono Boost)  
  46  3:42  Probe  
  46  3:44  Probe  
  48  3:54  Probe  
  49  3:57  Probe  
  50  4:06  Probe  
  50  4:07  Nexus  
  50  4:08  Pylon  
  51  4:11  Probe  
  50  4:18  Oracle, Probe  
  50  4:22  Assimilator  
  54  4:26  Twilight Council, Probe  
  54  4:30  Gateway  
  55  4:33  Probe  
  55  4:36  Gateway  
  56  4:43  Probe  
  55  4:45  Probe  
  55  4:46  Shield Battery  
  55  4:48  Stalker  
  55  4:51  Stalker  
  60  4:55  Probe  
  60  4:58  Probe  
  62  5:10  Forge  
  62  5:12  Pylon  
  62  5:19  Probe x2 (Chrono Boost)  
  62  5:20  Blink (Chrono Boost)  
  64  5:23  Probe (Chrono Boost)  
  65  5:30  Stalker x3  
  65  5:31  Probe x2 (Chrono Boost)  
  65  5:33  Probe (Chrono Boost)  
  73  5:36  Stalker, Probe x2 (Chrono Boost)  
  73  5:38  Probe (Chrono Boost)  
  74  5:45  Probe x2  
  74  5:48  Protoss Ground Weapons Level 1 (Chrono Boost)  
  74  5:49  Probe  
  77  5:50  Assimilator  
  77  5:56  Stalker x3  
  82  5:58  Probe  
  82  6:02  Pylon  
  83  6:05  Shield Battery  
  83  6:07  Pylon  
  83  6:08  Stalker, Shield Battery  
  85  6:15  Pylon  
  85  6:20  Probe x2  
  85  6:21  Gateway  
  85  6:22  Gateway  
  87  6:27  Stalker x3  
  87  6:31  Probe  
  87  6:32  Probe  
  95  6:34  Forge  
  95  6:39  Stalker  
  97  6:55  Stalker x3  
  97  6:58  Protoss Ground Armor Level 1 (Chrono Boost)  
  97  7:00  Photon Cannon  
  103  7:02  Robotics Facility  
  103  7:13  Zealot  
  103  7:15  Nexus  
  105  7:16  Pylon  
  105  7:20  Charge (Chrono Boost), Stalker x2  
  105  7:22  Pylon  
  109  7:24  Pylon  
  109  7:32  Pylon  
  109  7:34  Probe  
  110  7:42  Stalker x4  
  118  7:44  Photon Cannon  
  118  7:45  Stalker  
  118  7:46  Probe  
  118  7:49  Shield Battery  
  118  7:50  Pylon  
  121  7:53  Probe  
  122  8:00  Protoss Ground Weapons Level 2 (Chrono Boost)  
  122  8:03  Probe  
  122  8:04  Stalker, Probe  
  122  8:05  Probe  
  127  8:10  Gateway  
  127  8:12  Gateway  
  125  8:16  Probe  
  122  8:22  Stalker x2  
  122  8:23  Stalker x3  
  122  8:25  Probe x2  
  134  8:28  Gateway, Warp Prism (Chrono Boost)  
  134  8:29  Gateway  
  134  8:33  Zealot, Probe  
  139  8:37  Probe  
  132  8:56  Probe x3  
  132  8:57  Stalker x6  
  132  9:02  Protoss Ground Armor Level 2 (Chrono Boost)  
  147  9:04  Probe  
  147  9:08  Probe x2  
  150  9:14  Zealot x2  
  150  9:16  Nexus  
  152  9:17  Pylon x2  
  152  9:21  Zealot x5  
  162  9:26  Zealot  
  162  9:38  Zealot x4  
  164  9:51  Zealot x6  
  165  9:58  Zealot x4  
  157  10:05  Robotics Bay, Probe x2  
  157  10:06  Photon Cannon  
  146  10:09  Probe  
  146  10:13  Stalker x6  
  145  10:15  Probe  
  145  10:21  Shield Battery  
  146  10:22  Zealot x3, Protoss Ground Weapons Level 3 (Chrono Boost)  
  146  10:25  Zealot  
  155  10:30  Observer, Probe  
  156  10:37  Zealot x3  
  156  10:38  Zealot x3  
  166  10:50  Disruptor (Chrono Boost)  
  164  10:57  Zealot x4  
  164  10:58  Zealot x3  
  164  11:01  Zealot x3  
  184  11:18  Stalker x7  
  180  11:21  Disruptor (Chrono Boost)  
  186  11:36  Probe x2  
  186  11:37  Stalker x3  
  186  11:39  Pylon  
  194  11:40  Probe  
  194  11:41  Photon Cannon  
  194  11:43  Gateway  
  195  11:47  Gateway  
  195  11:48  Pylon  
  191  11:56  Stalker x3  
  195  12:02  Disruptor (Chrono Boost)  
  195  12:03  Zealot  
  195  12:07  Zealot x2  
  194  12:26  Photon Cannon  
  194  12:27  Protoss Ground Armor Level 3 (Chrono Boost)  
  194  12:28  Photon Cannon  
  194  12:30  Assimilator, Gateway  
  194  12:31  Gateway, Photon Cannon x2  
  194  12:34  Assimilator  
  194  12:36  Nexus, Pylon  
  195  12:37  Pylon  
  195  12:39  Observer (Chrono Boost)  
  193  12:46  Zealot x3  
  199  12:54  Zealot x4, Observer (Chrono Boost)  
  181  13:02  Zealot x3  
  181  13:03  Zealot x2  
  183  13:09  Disruptor (Chrono Boost)  
  181  13:15  Zealot x7  
  183  13:28  Zealot x7  
  185  13:37  Warp Prism (Chrono Boost)  
  187  13:42  Stalker x6  
  187  13:46  Nexus, Pylon  
  187  13:47  Robotics Facility  
  195  13:49  Robotics Facility  
  181  14:01  Observer (Chrono Boost)  
  146  14:09  Zealot x8  
  159  14:10  Zealot x5  
  159  14:14  Disruptor (Chrono Boost)  
  173  14:25  Photon Cannon  
  173  14:29  Photon Cannon  
  173  14:30  Shield Battery  
  173  14:31  Photon Cannon  
  173  14:37  Disruptor x2  
  177  14:45  Disruptor  
  181  14:47  Zealot x9  
  199  14:55  Probe  
  182  15:15  Stargate  
  182  15:16  Stargate  
  182  15:18  Fleet Beacon  
  172  15:25  Stalker x3, Zealot x6  
  172  15:26  Zealot x4  
  192  15:47  Zealot x9  
  192  15:48  Zealot x4  
  172  16:04  Protoss Air Weapons Level 1 (Chrono Boost)  
  156  16:05  Carrier x3 (Chrono Boost)  
  170  16:16  Zealot x5  
  170  16:17  Assimilator x2, Zealot x3, Photon Cannon  
  170  16:18  Pylon, Photon Cannon  
  186  16:19  Disruptor  
  186  16:23  Zealot x2  
  200  16:45  Mothership  
  198  16:50  Photon Cannon  
  198  16:51  Shield Battery  
  198  16:53  Photon Cannon  
  198  16:55  Assimilator  
  198  16:56  Assimilator  
  198  16:59  Photon Cannon x2  
  198  17:01  Templar Archives  
  198  17:02  Photon Cannon  
  194  17:18  Carrier (Chrono Boost)  
  194  17:20  Observer  
  199  17:27  Photon Cannon  
  199  17:30  Photon Cannon  
  199  17:56  Protoss Air Weapons Level 2 (Chrono Boost)  
  199  18:04  Photon Cannon  
  199  18:05  Pylon  
  199  18:08  Nexus  
  199  18:10  Pylon  
  197  18:24  Carrier (Chrono Boost)  
  198  18:36  Carrier (Chrono Boost)  
  198  18:38  Photon Cannon  
  198  18:40  Photon Cannon  
  198  18:42  Photon Cannon  
  198  18:43  Photon Cannon  
  198  18:45  Photon Cannon  
  198  18:47  Shield Battery  
  194  18:49  Photon Cannon  
  194  18:50  Pylon  
  194  18:56  Carrier (Chrono Boost)  
  194  19:02  Pylon, Photon Cannon  
  200  19:04  Photon Cannon  
  200  19:05  Photon Cannon  
  200  19:07  Shield Battery  
  194  19:19  Zealot x3  
  188  19:43  Assimilator  
  188  19:45  Carrier (Chrono Boost)  
  192  19:48  Psionic Storm  
  192  19:52  Carrier (Chrono Boost)  
  194  20:00  Gravitic Boosters  
  194  20:02  Assimilator  
  194  20:04  Assimilator  
  194  20:05  Pylon, Photon Cannon  
  194  20:08  High Templar x3  
  200  20:24  Protoss Shields Level 1 (Chrono Boost)  
  200  20:26  Nexus  
  200  20:27  Stargate  
  200  20:28  Pylon  
  200  20:29  Stargate  
  200  20:47  Observer  
  190  21:00  High Templar  
  190  21:01  High Templar x3  
  190  21:02  High Templar x2  
  199  21:06  Archon x3  
  199  21:18  Nexus, Pylon  
  200  21:19  Observer  
  200  21:39  Assimilator  
  200  21:52  Observer  
  200  21:53  Disruptor  
  192  22:07  High Templar x3  
  192  22:08  High Templar  
  198  22:12  Archon x2  
  198  22:13  Observer  
  175  22:41  Zealot x10  
  175  22:42  Zealot x2  
Tags
 
Add a new tag
Caveats
  • Supply blocks, unpowered buildings, or Contaminate may cause inaccurate times.
  • Supply counts are checked every 10 seconds.